 Dungeon Crawl Stone Soup version 0.21-a0-641-geef9d7f (webtiles) character file.

269 Spazmo the Magician (level 6, -1/32 HPs)
             Began as a Deep Elf Wizard on Dec 30, 2017.
             Succumbed to RedSky's ghost's poison
             ... on level 3 of the Dungeon.
             The game lasted 00:06:52 (2485 turns).

Spazmo the Magician (Deep Elf Wizard)               Turns: 2485, Time: 00:06:53

Health: -1/32      AC:  6    Str:  9    XL:     6   Next: 1%
Magic:  6/17       EV: 13    Int: 25    God:
Gold:   65         SH:  0    Dex: 13    Spells: 9/18 levels left

rFire    . . .     SeeInvis .   l - +0 long sword
rCold    . . .     Gourm    .   (no shield)
rNeg     . . .     Faith    .   a - +0 robe
rPois    .         Spirit   .   b - +0 hat
rElec    .         Reflect  .   (no cloak)
rCorr    .         Harm     .   (no gloves)
MR       .....                  (no boots)
Stlth    ++........             (no amulet)
HPRegen  0.10/turn              i - +4 ring of protection
MPRegen  0.15/turn              (no ring)

@: mighty, lethally poisoned (-1 -> -20)
A: no striking features
a: no special abilities


You were on level 3 of the Dungeon.
You were not hungry.

You visited 1 branch of the dungeon, and saw 3 of its levels.

You collected 65 gold pieces.

Inventory:

Hand Weapons
 l - a +0 long sword (weapon)
Missiles
 e - 35 poisoned needles
 j - 5 curare-tipped needles
 k - 23 stones (quivered)
Armour
 a - a +0 robe (worn)
 b - a +0 hat (worn)
Jewellery
 i - a +4 ring of protection (left hand)
Scrolls
 h - a scroll of remove curse
 m - a scroll of teleportation
Potions
 f - a potion of resistance
Books
 c - a book of Minor Magic

   Spells                             Type                      Level
   a - Magic Dart                     Conjuration                  1
   b - Blink                          Translocation                2
   c - Call Imp                       Summoning                    2
   d - Slow                           Hexes                        2
   e - Conjure Flame                  Conjuration/Fire             3
   f - Mephitic Cloud                 Conjuration/Poison/Air       3
Comestibles
 d - 2 rations
 g - 5 chunks of flesh


   Skills:
 - Level 3.2 Dodging
 - Level 3.0 Stealth
 + Level 6.8 Spellcasting
 + Level 4.3 Conjurations
   Level 1.1 Summonings
 - Level 1.1 Translocations


You had 9 spell levels left.
You knew the following spells:

 Your Spells              Type           Power        Failure   Level  Hunger
a - Magic Dart            Conj           ####         1%          1    None
b - Blink                 Tloc           N/A          7%          2    None
c - Conjure Flame         Conj/Fire      ###.....     9%          3    None
d - Mephitic Cloud        Conj/Pois/Air  ###.....     11%         3    None


Dungeon Overview and Level Annotations

Branches:
Dungeon (3/15)

Altars:
Kikubaaqudgha


Message History

The magic dart hits RedSky's ghost.
RedSky's ghost is almost destroyed.
* * * LOW HITPOINT WARNING * * *
You feel sick.
RedSky's ghost mumbles some strange words.
You are struck by lightning.
* * * LOW HITPOINT WARNING * * *
The lightning arcs!
RedSky's ghost is struck by lightning.
RedSky's ghost is destroyed!
Your Conjurations skill increases to level 4!
You have reached level 6!
Your experience leads to an increase in your attributes!
Increase (S)trength, (I)ntelligence, or (D)exterity?
You feel clever.
The lightning arcs!
You are struck by lightning.
* * * LOW HITPOINT WARNING * * *
The lightning grounds out.
It was a potion of might.
You feel very mighty all of a sudden.
You die...

♣.♣....###.##..#
#......#...# W..#
#...##...#†### #.# ###
##.....#####. ..
#........... . ####
####.........
##..###..##........ ..
##.##.##.###.......# ...
#_#.##.##.#.@......# ...
####.##.##.#†......# #.#
#..###..##.####### #.# ##
#### #####.# #.###. #..#
#######.#...
#######.####...........#†
.............#######.####
#######.############.#
#..........)....#


There were no monsters in sight!

Vanquished Creatures
  A crimson imp (D:2)
  Natasha (thrice) (D:2)
  Robin (D:3)
  2 adders
  4 worms
  2 dart slugs
  2 leopard geckos (D:1)
  An orc (D:3)
  2 giant cockroaches
  10 goblins
  9 hobgoblins
  2 jackals (D:3)
  3 kobolds
  A quokka (D:3)
  3 bats
  2 frilled lizards
  3 rats
51 creatures vanquished.

Vanquished Creatures (others)
  The ghost of RedSky the Gusty, an amateur DrAE (D:3)
1 creature vanquished.

Grand Total: 52 creatures vanquished

Notes
Turn   | Place    | Note
-------+----------+-------------------------------------------
     0 | D:1      | Spazmo the Deep Elf Wizard began the quest for the Orb.
     0 | D:1      | Reached XP level 1. HP: 10/10 MP: 7/7
   389 | D:1      | Reached XP level 2. HP: 15/15 MP: 4/9
   393 | D:1      | Learned a level 2 spell: Blink
  1012 | D:2      | Noticed Natasha
  1019 | D:2      | Killed Natasha
  1019 | D:2      | Reached skill level 5 in Spellcasting
  1019 | D:2      | Reached XP level 3. HP: 12/19 MP: 2/11
  1142 | D:2      | Noticed Natasha
  1150 | D:2      | Killed Natasha
  1150 | D:2      | Reached XP level 4. HP: 20/24 MP: 3/13
  1524 | D:2      | Noticed Natasha
  1533 | D:2      | Killed Natasha
  1644 | D:2      | Learned a level 3 spell: Conjure Flame
  1648 | D:2      | Learned a level 3 spell: Mephitic Cloud
  1725 | D:2      | Reached skill level 6 in Spellcasting
  1725 | D:2      | Reached XP level 5. HP: 28/28 MP: 4/15
  2130 | D:3      | Noticed Robin
  2284 | D:3      | Killed Robin
  2425 | D:3      | Found an ancient bone altar of Kikubaaqudgha.
  2463 | D:3      | Noticed RedSky's ghost (amateur DrAE)
  2484 | D:3      | Killed RedSky's ghost
  2484 | D:3      | Reached XP level 6. HP: 3/32 MP: 6/17
  2484 | D:3      | HP: 1/32 [/static electricity (2)]
  2485 | D:3      | Succumbed to RedSky's ghost's poison

Vault maps used:
D:1:      elethiomel_arrival_shortcut, serial_glass, glass_columns_a,
          glass_columns_a, glass_columns_a, glass_columns_c, glass_columns_c,
          glass_columns_a, glass_columns_a, glass_columns_a, minivault_23,
          amethyst_killhole
D:2:      minivault_26, st_stairs_12, uniq_natasha
D:3:      marbit_many_paths, chequers_ecumenical_altar_grove,
          grunt_ministairs_5, kennysheep_flooded_box, uniq_robin

Skill      XL: |  1  2  3  4  5 |
---------------+----------------+-----
Stealth        | 3 |  3.0
Dodging        | 3 |  3.2
Spellcasting   | 5 6 |  6.8
Conjurations   | 2 3 4 |  4.3
Summonings     | |  1.1
Translocations | |  1.1

Action                   |  1- 3 |  4- 6 || total
-------------------------+-------+-------++-------
Melee: Unarmed           |     7 |       ||     7
       Club              |     5 |       ||     5
       Long sword        |       |     7 ||     7
 Cast: Magic Dart        |    57 |   103 ||   160
       Mephitic Cloud    |       |     2 ||     2
  Use: Potion            |     1 |     1 ||     2
       Scroll            |       |     3 ||     3
  Eat: Chunk             |       |     5 ||     5
Armor: Robe              |     2 |    10 ||    12
Dodge: Dodged            |    15 |    24 ||    39
       Rpst.: Long sword |       |     5 ||     5

Table legend:
 A = Spawn XP
 B = Non-spawn XP
 C = Spawn XP percentage of total XP
 D = Spawn monster count
 E = Non-spawn monster count
 F = Spawn count percentage of total count
 G = Total turns spent on level
                    A         B        C        D         E        F      G
               +---------+---------+-------+---------+---------+-------+---------
         Total |       0 |     385 |   0.0 |       0 |      52 |   0.0 |  2485
               +---------+---------+-------+---------+---------+-------+---------
           D:1 |       0 |      20 |   0.0 |       0 |      11 |   0.0 |   836
           D:2 |       0 |     196 |   0.0 |       0 |      18 |   0.0 |  1267
           D:3 |       0 |     169 |   0.0 |       0 |      23 |   0.0 |   382
               +---------+---------+-------+---------+---------+-------+---------
